 Dungeon Crawl Stone Soup version 0.19.0-2-gae57169 (webtiles) character file.

275 HungrySpirit the Chopper (level 6, 0/56 HPs)
             Began as a Minotaur Fighter on Nov 5, 2016.
             Was a Priest of Zin.
             Succumbed to an orc wizard's poison
             ... on level 4 of the Dungeon.
             The game lasted 00:03:16 (2765 turns).

HungrySpirit the Chopper (Minotaur Fighter)         Turns: 2765, Time: 00:03:16

Health: 0/56       AC:  6    Str: 28    XL:     6   Next: 3%
Magic:  5/5        EV: 10    Int:  5    God:    Zin [***...]
Gold:   162        SH:  0    Dex:  9    Spells: 0 memorised, 5 levels left

rFire  . . .     SeeInvis .     a - +0 war axe
rCold  . . .     Gourm    .     b - +0 scale mail
rNeg   . . .     Faith    .     (no shield)
rPois  .         Spirit   .     (helmet restricted)
rElec  .         Reflect  .     (no cloak)
rCorr  .         Harm     .     (no gloves)
MR     .....                    (no boots)
Stlth  ..........               (no amulet)
                                (no ring)
                                (no ring)

@: mighty, lethally poisoned (0 -> -52)
A: retaliatory headbutt, horns 2
a: Recite, Vitalisation, Imprison, Donate Gold, Renounce Religion


You were on level 4 of the Dungeon.
You worshipped Zin.
Zin was most pleased with you.
You were very hungry.

You visited 1 branch of the dungeon, and saw 4 of its levels.

You collected 180 gold pieces.
You donated 18 gold pieces to Zin.

Inventory:

Hand Weapons
 a - a +0 war axe (weapon)
Armour
 b - a +0 scale mail (worn)
 c - a +0 shield
 n - a +0 buckler
Jewellery
 t - an uncursed amulet of rage {unknown}
Wands
 l - a wand of disintegration (10/24)
Scrolls
 g - 7 scrolls of identify {unknown}
 k - a scroll of remove curse {unknown}
 p - a scroll of enchant weapon {unknown}
 r - a scroll of noise {unknown}
Potions
 d - a potion of might
 e - a potion of lignification
 h - a potion of degeneration {unknown}
 m - 4 potions of curing {unknown}
 o - a potion of mutation {unknown}
 s - 2 potions of flight {unknown}
Comestibles
 f - 2 bread rations
 j - 2 meat rations
 q - a beef jerky


   Skills:
 + Level 5.6 Fighting
 * Level 6.3 Axes
 - Level 3.6 Armour
 - Level 3.6 Shields


You had 5 spell levels left.
You didn't know any spells.

Dungeon Overview and Level Annotations

Branches:
Dungeon (4/15)
 Temple: D:4-7

Altars:
Zin


Innate Abilities, Weirdness & Mutations

You reflexively headbutt those who attack you in melee.
You have a pair of horns on your head.


Message History

* * * LOW HITPOINT WARNING * * *
You are more poisoned.
You slash something! Your headbutt misses something.
* * * LOW HITPOINT WARNING * * *
You feel very sick. Something hits you but does no damage.
You are more poisoned.
Something hits you but does no damage.
It was a potion of lignification.
Zin protects your body from unnatural transformation!
You feel woody for a moment.
* * * LOW HITPOINT WARNING * * *
You feel very sick.
An orc wizard appears from thin air!
Reactivating autopickup.
The orc wizard points at you and mumbles some strange words.
The puff of frost hits you!
* * * LOW HITPOINT WARNING * * *
It was a potion of magic.
Magic courses through your body.
You die...

###. #### ... ..#
#.#####.# ######
###.....#.##.....#
........'..).....+
##.....#.#@.....#
####...[.#)o......#
.........#.#......#
#######'##.#......#
#..#.#......#
##.#.#......#
##.#.#......#
#....#......#
#.#..#.#


You could see an orc wizard.

Vanquished Creatures
  2 orc wizards
  An orc priest (D:3)
  A worker ant (D:4)
  A worker ant zombie (D:3)
  6 adders
  2 oozes (D:1)
  A worm (D:2)
  2 dart slugs
  5 leopard geckos
  8 orcs
  4 ball pythons
  7 bats
  2 giant cockroaches (D:1)
  5 goblins
  8 hobgoblins
  4 jackals (D:2)
  6 kobolds
  3 frilled lizards
  5 rats
73 creatures vanquished.

Notes
Turn   | Place    | Note
-------+----------+-------------------------------------------
     0 | D:1      | HungrySpirit the Minotaur Fighter began the quest for the Orb.
     0 | D:1      | Reached XP level 1. HP: 19/19 MP: 0/0
   322 | D:1      | Reached skill level 3 in Axes
   351 | D:1      | Reached XP level 2. HP: 26/27 MP: 1/1
   616 | D:1      | Reached XP level 3. HP: 32/33 MP: 2/2
   975 | D:2      | Reached skill level 4 in Axes
  1032 | D:2      | Reached XP level 4. HP: 31/41 MP: 3/3
  1507 | D:2      | Found a faded altar of an unknown god.
  1507 | D:2      | Found a faded altar of an unknown god.
  1522 | D:2      | Found a faded altar of an unknown god.
  1525 | D:2      | Became a worshipper of Zin the Law-Giver
  1525 | D:2      | Reached * piety under Zin
  1529 | D:2      | Found a faded altar of an unknown god.
  1530 | D:2      | Found a glowing silver altar of Zin.
  1690 | D:3      | Reached skill level 5 in Fighting
  1734 | D:3      | Reached ** piety under Zin
  1954 | D:3      | Reached skill level 5 in Axes
  2157 | D:3      | Reached XP level 5. HP: 48/48 MP: 4/4
  2709 | D:4      | Reached *** piety under Zin
  2748 | D:4      | Reached skill level 6 in Axes
  2751 | D:4      | Reached XP level 6. HP: 52/56 MP: 5/5
  2765 | D:4      | Succumbed to an orc wizard's poison

Skill      XL: |  1  2  3  4  5 |
---------------+----------------+-----
Axes           | 3 4 5 6 |  6.3
Fighting       | 4 5 |  5.6
Armour         | |  3.6
Shields        | |  3.6

Action                   |  1- 3 |  4- 6 || total
-------------------------+-------+-------++-------
Melee: War axe           |    72 |   100 ||   172
       Headbutt          |     9 |    14 ||    23
  Use: Potion            |       |     3 ||     3
  Eat: Chunk             |       |     3 ||     3
       Royal jelly       |       |     1 ||     1
Armor: Scale mail        |    52 |    44 ||    96
Dodge: Dodged            |    44 |    46 ||    90
